 Dungeon Crawl Stone Soup version 0.22.1-2-g9c5b331 (webtiles) character file.

5289 whitewolfNL the Basher (level 10, -7/83 HPs)
             Began as a Minotaur Berserker on Nov 20, 2018.
             Was a High Priest of Trog.
             Splashed by a centaur's acid (17 damage)
             ... on level 9 of the Dungeon.
             The game lasted 00:45:04 (11899 turns).

whitewolfNL the Basher (Minotaur Berserker)        Turns: 11899, Time: 00:45:06

Health: -7/83      AC: 15    Str: 22    XL:     10   Next: 37%
Magic:  11/11      EV:  9    Int:  5    God:    Trog [*****.]
Gold:   547        SH:  0    Dex: 12    Spells: 9/9 levels left

rFire    . . .     SeeInvis .   A - +4 flail (crush)
rCold    . . .     Gourm    +   (no shield)
rNeg     + . .     Faith    .   O - +0 plate armour
rPois    .         Spirit   .   (helmet restricted)
rElec    .         Reflect  .   r - +0 cloak
rCorr    .         Harm     .   J - +0 pair of gloves
MR       .....                  (no boots)
Stlth    ..........             z - amulet of the gourmand
HPRegen  0.23/turn              f - ring of positive energy
MPRegen  0.12/turn              I - +2 ring of protection

@: corroded
A: retaliatory headbutt, horns 2
a: Berserk, Trog's Hand, Brothers in Arms, Renounce Religion


You were on level 9 of the Dungeon.
You worshipped Trog.
Trog was extremely pleased with you.
You were full.

You visited 1 branch of the dungeon, and saw 9 of its levels.
You also visited: Sewer.

You collected 547 gold pieces.

Inventory:

Hand Weapons
 a - a +0 hand crossbow
 y - a +0 dire flail
 A - a +4 flail of crushing (weapon)
 H - a +2 hunting sling of velocity
Missiles
 b - 114 arrows
 n - 36 sling bullets
 s - 81 bolts
 L - 13 stones (quivered)
Armour
 r - a +0 cloak (worn)
 J - a +0 pair of gloves (worn)
 O - a +0 plate armour (worn)
Jewellery
 f - a ring of positive energy (left hand)
 z - an amulet of the gourmand (around neck)
 I - a +2 ring of protection (right hand)
Wands
 q - a wand of enslavement (8)
 v - a wand of flame (55)
 x - a wand of random effects (54)
 K - a wand of scattershot (5)
Scrolls
 g - 9 scrolls of teleportation
 m - 4 scrolls of remove curse
 u - a scroll of identify {unknown}
 w - 3 scrolls of fog
 D - 2 scrolls of blinking
 G - a scroll of enchant armour {unknown}
Potions
 d - 4 potions of brilliance
 e - a potion of invisibility {unknown}
 h - 2 potions of agility {unknown}
 i - 3 potions of cancellation {unknown}
 j - 6 potions of heal wounds {unknown}
 k - 7 potions of curing
 o - a potion of magic {unknown}
 p - 2 potions of flight {unknown}
 t - 3 potions of might {unknown}
 C - a potion of haste
 E - a potion of mutation {unknown}
 F - a potion of berserk rage {unknown}
Comestibles
 c - 11 rations
 l - 3 chunks of flesh


   Skills:
 + Level 6.2 Fighting
 * Level 11.4 Maces & Flails
 - Level 1.9 Crossbows
 * Level 9.9 Armour
 * Level 6.0 Dodging
 - Level 4.0 Stealth
 * Level 3.7 Evocations


You had 9 spell levels left.
You didn't know any spells.
Your spell library was empty.

Dungeon Overview and Level Annotations

Branches:
Dungeon (9/15)             Temple (0/1) D:4
   Lair: D:8-11         Orc: D:9-12

Altars:
Gozag
Ru
Wu Jian
Xom
The Shining One

Shops:
D:4 [   D:5 [   D:6 :

Annotations:
D:9 1 runed door


Innate Abilities, Weirdness & Mutations

You reflexively headbutt those who attack you in melee.
You have a pair of horns on your head.


Message History

The centaur hits you but does no damage.
The centaur barely misses you.
You hit the centaur.
The centaur is moderately wounded.
The centaur hits you but does no damage.
You closely miss the centaur. Your headbutt misses the centaur.
The centaur is moderately wounded.
The centaur zaps a wand.
The bolt of acid misses you.
Your plate armour prevents you from hitting the centaur.
You headbutt the centaur, but do no damage.
The centaur is moderately wounded.
You recover from your berserk rage.
The centaur hits you but does no damage.
You barely miss the centaur.
You headbutt the centaur, but do no damage.
The centaur is moderately wounded.
The centaur zaps a wand.
The bolt of acid hits you!
* * * LOW HITPOINT WARNING * * *
The acid corrodes you!
You are splashed with acid!
The acid burns!
You die...

########' #.......
#......
#....####### #
#....#†....# .#
#....'†.$..+ ..#
#)...#†....# ...#
#....#######....#
#.......((@c....#
#....((.........#
########+########
#..# #)##
######.###########
...................
##########.########
#.#


You could see a centaur.

Vanquished Creatures
  A two-headed ogre (D:5)
  A centaur warrior (D:8)
  An ugly thing (D:7)
  A cyclops (D:9)
  Grinder (D:4)
  A hungry ghost (D:8)
  Edmund (D:5)
  A water moccasin (D:8)
  An ice beast (D:7)
  An orc warrior (D:9)
  2 sky beasts
  A centaur (D:7)
  2 necrophages (D:8)
  3 ogres
  3 big kobolds
  Blork the orc (D:6)
  3 bullfrogs (D:8)
  A gnoll sergeant (D:7)
  A wyvern skeleton (D:9)
  3 crimson imps
  A quasit (D:8)
  2 hounds
  2 centaur skeletons
  4 bullfrog skeletons
  2 orc priests
  6 orc wizards
  12 worker ants
  A hound zombie (D:8)
  A worker ant zombie (D:7)
  3 gnolls (D:7)
  10 river rats
  9 adders
  2 shadow imps
  An ooze (D:1)
  An adder skeleton (D:4)
  2 adder zombies
  A worm (D:2)
  A dart slug (D:1)
  4 leopard geckos
  3 orcs
  3 ball pythons
  8 bats
  10 giant cockroaches
  11 goblins
  A hobgoblin (D:1)
  17 jackals
  6 quokkas
  8 frilled lizards
  26 kobolds
  A leopard gecko zombie (D:2)
  45 rats
  5 butterflies
239 creatures vanquished.

Vanquished Creatures (others)
  A bush (D:9)
  2 plants (D:9)
3 creatures vanquished.

Grand Total: 242 creatures vanquished

Notes
Turn   | Place    | Note
-------+----------+-------------------------------------------
     0 | D:1      | whitewolfNL the Minotaur Berserker began the quest for the
                  | Orb.
     0 | D:1      | Reached XP level 1. HP: 19/19 MP: 0/0
   117 | D:1      | Reached skill level 4 in Maces & Flails
   117 | D:1      | Reached XP level 2. HP: 27/27 MP: 1/1
   475 | D:1      | Reached XP level 3. HP: 19/33 MP: 2/2
   596 | D:1      | Reached ** piety under Trog
  1238 | D:2      | Reached skill level 1 in Stealth
  1512 | D:2      | Reached XP level 4. HP: 31/40 MP: 3/3
  2288 | D:2      | Found an opulent altar of Gozag.
  2494 | D:3      | Found a glowing golden altar of the Shining One.
  2531 | D:3      | Reached *** piety under Trog
  2739 | D:3      | Reached skill level 5 in Maces & Flails
  2801 | D:3      | Found a glowing drain.
  2821 | Sewer    | Entered a sewer
  2841 | Sewer    | Reached XP level 5. HP: 46/46 MP: 4/4
  3296 | Sewer    | Reached XP level 6. HP: 34/53 MP: 5/5
  3557 | Sewer    | Reached skill level 6 in Maces & Flails
  4304 | D:3      | Found an ornate altar of the Wu Jian Council.
  4418 | D:3      | Reached **** piety under Trog
  4457 | D:3      | Reached XP level 7. HP: 56/60 MP: 6/6
  5240 | D:4      | Reached skill level 7 in Maces & Flails
  5240 | D:4      | Reached skill level 5 in Armour
  5331 | D:4      | Found a sacrificial altar of Ru.
  5510 | D:4      | Found a staircase to the Ecumenical Temple.
  5667 | D:4      | Noticed Grinder
  5672 | D:4      | Paralysed by Grinder for 4 turns
  5727 | D:4      | Found a shimmering altar of Xom.
  5733 | D:4      | Paralysed by Grinder for 3 turns
  5744 | D:4      | Paralysed by Grinder for 4 turns
  5751 | D:4      | Paralysed by Grinder for 2 turns
  6247 | D:4      | Found Lucwe's Armour Shoppe.
  6630 | D:4      | Paralysed by Grinder for 7 turns
  6642 | D:4      | Paralysed by Grinder for 5 turns
  6649 | D:4      | Killed Grinder
  6649 | D:4      | Reached skill level 5 in Fighting
  6649 | D:4      | Reached skill level 1 in Evocations
  6650 | D:4      | HP: 3/61 [poisoned by a worker ant]
  6661 | D:4      | Reached XP level 8. HP: 12/68 MP: 7/7
  7499 | D:5      | Entered Level 5 of the Dungeon
  7523 | D:5      | Found Baicey Ikag's Armour Shop.
  7525 | D:5      | Reached skill level 8 in Maces & Flails
  7533 | D:5      | Noticed a two-headed ogre
  7551 | D:5      | Killed a two-headed ogre
  7551 | D:5      | Reached skill level 9 in Maces & Flails
  8011 | D:5      | Noticed Edmund
  8019 | D:5      | Killed Edmund
  8286 | D:6      | Noticed Blork the orc
  8292 | D:6      | Killed Blork the orc
  8292 | D:6      | Reached XP level 9. HP: 74/74 MP: 9/9
  8820 | D:6      | Found Wiodugun's Book Shop.
  8941 | D:7      | Noticed a cyan ugly thing
  8947 | D:7      | Killed a cyan ugly thing
  8947 | D:7      | Reached skill level 5 in Dodging
 10065 | D:7      | Reached skill level 10 in Maces & Flails
 10620 | D:8      | Reached ***** piety under Trog
 10920 | D:8      | Noticed a centaur warrior
 10926 | D:8      | Killed a centaur warrior
 10926 | D:8      | Reached skill level 1 in Crossbows
 10926 | D:8      | Reached XP level 10. HP: 83/83 MP: 11/11
 10970 | D:8      | Reached skill level 11 in Maces & Flails
 11151 | D:9      | Noticed a cyclops
 11171 | D:9      | Killed a cyclops
 11692 | D:9      | Found a runed door.
 11842 | D:9      | Found a runed door.
 11849 | D:9      | Received a gift from Trog
 11899 | D:9      | Splashed by a centaur's acid

Skill      XL: |  1  2  3  4  5  6  7  8  9 10 |
---------------+-------------------------------+-----
Maces & Flails | 4 5 6 7 9 10 11 | 11.4
Fighting       | 4 5 6 |  6.2
Stealth        | 1 2 3 4 |  4.0
Dodging        | 3 4 5 6 |  6.0
Armour         | 3 4 5 7 9 |  9.9
Evocations     | 1 2 3 |  3.7
Crossbows      | 1 |  1.9

Action                   |  1- 3 |  4- 6 |  7- 9 | 10-12 || total
-------------------------+-------+-------+-------+-------++-------
Melee: Mace              |    99 |   201 |   114 |       ||   414
       Headbutt          |    14 |    23 |    45 |    15 ||    97
       Dire flail        |       |       |    18 |       ||    18
       Flail             |       |       |    92 |    80 ||   172
 Fire: Hand crossbow     |       |       |    14 |       ||    14
Invok: Berserk           |     1 |     6 |    14 |     3 ||    24
Evoke: Wand              |       |       |     2 |       ||     2
  Use: Scroll            |       |     2 |     9 |       ||    11
       Potion            |       |       |     3 |       ||     3
  Eat: Ration            |     1 |     1 |     5 |       ||     7
       Chunk             |       |    11 |    21 |    11 ||    43
Armor: Animal skin       |    25 |       |       |       ||    25
       Chain mail        |       |   104 |   137 |    19 ||   260
       Ring mail         |       |     2 |       |       ||     2
       Plate armour      |       |       |       |    31 ||    31
Dodge: Dodged            |    68 |   102 |   108 |    27 ||   305
